 Dungeon Crawl Stone Soup version 0.32-a0-799-g95e1662365 (webtiles) character file.

Game seed: 1276458427596682637

13648 adelrune the Cleaver (level 11, -22/87 HPs)
             Began as a Demonspawn Gladiator on Mar 21, 2024.
             Was a High Priest of Makhleb.
             Annihilated by a shadow (27 damage)
             ... on level 11 of the Dungeon.
             The game lasted 00:24:00 (8640 turns).

adelrune the Cleaver (Demonspawn Gladiator)         Turns: 8640, Time: 00:24:00

Health: -22/87     AC: 25    Str: 19    XL:     11   Next: 78%
Magic:  19/19      EV: 13    Int:  8    God:    Makhleb [*****.]
Gold:   790        SH:  4    Dex: 15    Spells: 10/10 levels left

rFire   . . .        a - +0 war axe
rCold   . . .        (no shield)
rNeg    . . .        n - +0 chain mail
rPois   +            T - +1 hat {Will+}
rElec   .            S - +1 cloak
rCorr   .            (no gloves)
SInv    .            O - +0 pair of boots
Will    +....        p - amulet of regeneration Stlth
                     F - +5 ring of evasion
HPRegen 1.14/turn    L - ring of poison resistance
MPRegen 0.16/turn

%: no passive effects
@: no status effects
A: hooves 2, molten scales 1, icemail 2, powered by death 1, condensation shield
a: Renounce Religion, Minor Destruction, Lesser Servant of Makhleb, Major
Destruction, Greater Servant of Makhleb


You were on level 11 of the Dungeon.
You worshipped Makhleb.
Makhleb was extremely pleased with you.
You visited 1 branch of the dungeon, and saw 11 of its levels.

You collected 841 gold pieces.
You spent 51 gold pieces at shops.

Inventory:

Hand Weapons
 a - a +0 war axe (weapon)
 R - a +1 flail
Missiles
 d - a throwing net
 e - a javelin
 g - 5 curare-tipped darts
Armour
 b - a +0 leather armour
 n - a +0 chain mail (worn)
 H - a scarf of repulsion
 O - a +0 pair of boots (worn)
 S - a +1 cloak (worn)
 T - a +1 hat of willpower (worn)
Jewellery
 c - a ring of wizardry
 l - a +6 ring of dexterity
 m - a +4 ring of slaying
 p - an amulet of regeneration (around neck)
 w - a +6 ring of dexterity
 B - a +6 ring of intelligence
 F - a +5 ring of evasion (left hand)
 L - a ring of poison resistance (right hand)
 Q - a ring of magical power
Wands
 u - a wand of mindburst (5)
 y - a wand of acid (1)
 K - a wand of charming (12)
Scrolls
 h - a scroll of enchant weapon {unknown}
 i - 2 scrolls of brand weapon {unknown}
 k - 12 scrolls of identify
 q - a scroll of fear {unknown}
 v - 2 scrolls of amnesia
 A - 2 scrolls of immolation
 C - 2 scrolls of blinking {unknown}
 E - 4 scrolls of fog {unknown}
 G - 3 scrolls of enchant armour {unknown}
 J - 3 scrolls of teleportation {unknown}
 N - a scroll of poison {unknown}
 P - 2 scrolls of silence {unknown}
Potions
 f - 3 potions of lignification
 j - 3 potions of attraction
 o - a potion of berserk rage {unknown}
 r - a potion of resistance {unknown}
 s - 2 potions of haste {unknown}
 t - a potion of cancellation
 x - a potion of degeneration {unknown}
 z - 3 potions of heal wounds {unknown}
 D - 7 potions of curing
 I - a potion of magic {unknown}
 M - a potion of enlightenment {unknown}


   Skills:
 + Level 8.9 Fighting
 * Level 11.6 Axes
 - Level 1.7 Throwing
 + Level 7.9 Armour
 - Level 2.6 Dodging
 + Level 11.0 Invocations


You had 10 spell levels left.
You didn't know any spells.
Your spell library contained the following spells:

 Spells                   Type           Power      Damage    Failure   Level
 Sting                    Conj/Alch      0%         1d3       96%         1
 Ensorcelled Hibernation  Hex/Ice        0%         N/A       99%         2
 Mercury Vapours          Alch/Air       0%         N/A       99%         2
 Passwall                 Erth           0%         N/A       100%        3
 Swiftness                Air            0%         N/A       100%        3
 Olgreb's Toxic Radiance  Alch           0%         N/A       100%        4


Dungeon Overview and Level Annotations

Branches:
Dungeon (11/15)            Temple (0/1) D:5            Lair (0/5) D:11
    Orc: D:9-12

Altars:
Ashenzari
Kikubaaqudgha
Makhleb
Vehumet

Shops:
D:7 *


Innate Abilities, Weirdness & Mutations

You have hoof-like feet.
You are partially covered in molten scales. (AC +2)
A meltable icy envelope protects you from harm. (AC +8)
You regenerate a little health from kills.
A meltable shield of frost defends you. (SH +4)


Message History

The shadow flickers and vanishes!
Deactivating autopickup; reactivate with Ctrl-A.
The electric eel shoots out a bolt of lightning at you!
The bolt of electricity hits you but does no damage.
The bolt of electricity misses you.
The bolt of electricity hits the electric eel.
The electric eel completely resists.
You hit the electric eel.
The electric eel is severely wounded.
You closely miss something.
The shadow strikes at you from the darkness!
Reactivating autopickup.
The electric eel shoots out a bolt of lightning at you!
The bolt of electricity hits you!
You completely miss the electric eel.
The electric eel is severely wounded.
You hit the shadow but do no damage.
The shadow slips into darkness.
The shadow flickers and vanishes!
Deactivating autopickup; reactivate with Ctrl-A.
The electric eel shoots out a bolt of lightning at you!
The bolt of electricity hits you!
You slice the electric eel!!
You kill the electric eel!
Makhleb accepts your kill.
You feel better.
You completely miss something.
The shadow strikes at you from the darkness!
* * * LOW HITPOINT WARNING * * *
Reactivating autopickup.
You hit the shadow.
The shadow is almost destroyed.
You closely miss the electric eel.
The shadow slips into darkness.
The shadow flickers and vanishes!
Deactivating autopickup; reactivate with Ctrl-A.
You slash the electric eel!
The electric eel is heavily wounded.
You barely miss something.
The shadow strikes at you from the darkness!
You die...

#...........### #......<.
#....................##..#
##...........####....##...
#....~~~≈~.... .... ...#
#.....~≈≈~.####### ....
##.....~≈~≈.......
#......††~........
#.......†~.S....~.
#........{@.~~..~.
#.....####†.S~.~≈~ #.....#
#.~.~≈≈≈~ #.....#
#~..†≈≈≈~ #.....#
#~~≈≈~~~~ #.....#
#≈≈≈≈~.~. #..... #≈≈≈≈~~..
#≈≈≈≈≈~.>


You could see 2 electric eels.

Vanquished Creatures
  4 skeletal warriors (D:10)
  A cyclops (D:11)
  A manticore (D:11)
  Maurice (D:10)
  2 komodo dragons (D:10)
  A kobold demonologist (D:9)
  A troll (D:9)
  Sigmund (D:5)
  9 yaks
  A shadow (D:10)
  Grum (D:8)
  3 steam dragons
  An acid dragon (D:10)
  A water moccasin (D:8)
  6 black bears
  4 ice beasts
  6 orc warriors
  2 sky beasts
  2 ogres
  3 wolves
  6 centaurs
  2 phantoms
  4 kobold brigands
  Blork the orc (D:6)
  A gnoll sergeant (D:7)
  7 bullfrogs
  3 scorpions
  8 wights
  6 killer bees (D:4)
  A vampire bat (D:7)
  An electric eel (D:11)
  5 howler monkeys
  A bombardier beetle (D:4)
  4 jellies (D:7)
  9 hounds
  6 orc priests
  3 iguanas
  11 orc wizards
  A gnoll (D:1)
  10 adders
  2 white imps
  5 ufetubi
  2 ribbon worms
  4 dart slugs
  35 orcs
  7 bats
  3 bat skeletons (D:7)
  2 bat zombies (D:7)
  6 endoplasms
  6 giant cockroaches
  9 goblins
  8 hobgoblins
  3 quokkas
  10 ball pythons
  6 frilled lizards
  24 kobolds
  9 rats
282 creatures vanquished.

Vanquished Creatures (collateral kills)
  Gastronok (D:10)
  A gargoyle (D:11)
2 creatures vanquished.

Grand Total: 284 creatures vanquished

Notes
Turn   | Place    | Note
-------+----------+-------------------------------------------
     0 | D:1      | adelrune the Demonspawn Gladiator began the quest for the
                  | Orb.
     0 | D:1      | Reached XP level 1. HP: 16/16 MP: 1/1
   138 | D:1      | Gained mutation: You have large cloven feet. [demonic
                  | ancestry]
   138 | D:1      | Reached XP level 2. HP: 16/22 MP: 2/2
   332 | D:1      | Reached skill level 1 in Armour
   395 | D:1      | Reached XP level 3. HP: 7/28 MP: 3/3
   813 | D:2      | Found a faded altar of an unknown god.
   816 | D:2      | Prayed at the altar of an unknown god.
   816 | D:2      | Became a worshipper of Makhleb the Destroyer
   816 | D:2      | Reached * piety under Makhleb
  1397 | D:2      | Gained mutation: You have hoof-like feet. [demonic
                  | ancestry]
  1397 | D:2      | Reached XP level 4. HP: 34/34 MP: 4/4
  1551 | D:3      | Reached skill level 1 in Invocations
  1649 | D:3      | Reached ** piety under Makhleb
  1657 | D:3      | Reached XP level 5. HP: 41/41 MP: 6/6
  2292 | D:4      | Reached XP level 6. HP: 47/47 MP: 7/7
  2419 | D:4      | Reached skill level 5 in Axes
  2571 | D:4      | Gained mutation: You are partially covered in molten
                  | scales. (AC +2) [demonic ancestry]
  2571 | D:4      | Reached XP level 7. HP: 17/53 MP: 9/9
  2850 | D:5      | Entered Level 5 of the Dungeon
  2881 | D:5      | Noticed Sigmund
  2887 | D:5      | Killed Sigmund
  2997 | D:5      | Gained mutation: A meltable shield of frost defends you.
                  | (SH +4) [demonic ancestry]
  2997 | D:5      | Reached XP level 8. HP: 61/61 MP: 11/11
  3314 | D:5      | Reached *** piety under Makhleb
  3325 | D:4      | Reached skill level 5 in Invocations
  3710 | D:5      | Found a staircase to the Ecumenical Temple.
  3824 | D:6      | Reached skill level 5 in Fighting
  3838 | D:6      | Found a radiant altar of Vehumet.
  4248 | D:6      | Noticed Blork the orc
  4265 | D:6      | Gained mutation: You regenerate a little health from kills.
                  | [demonic ancestry]
  4265 | D:6      | Reached XP level 9. HP: 68/68 MP: 13/13
  4270 | D:6      | Killed Blork the orc
  4509 | D:7      | Found an ancient bone altar of Kikubaaqudgha.
  4613 | D:7      | Found Ypruf's Assorted Antiques.
  4623 | D:7      | Bought a scroll labelled HIUMOL MULUNU for 17 gold pieces
  4623 | D:7      | Bought a scroll of identify for 34 gold pieces
  4826 | D:7      | Reached skill level 5 in Armour
  5026 | D:7      | Reached **** piety under Makhleb
  5623 | D:7      | Gained mutation: A meltable icy envelope protects you from
                  | harm. (AC +8) [demonic ancestry]
  5623 | D:7      | Reached XP level 10. HP: 62/77 MP: 16/16
  5784 | D:8      | Noticed Grum
  5798 | D:8      | Killed Grum
  6354 | D:9      | Reached ***** piety under Makhleb
  6686 | D:9      | Noticed a soul eater
  6690 | D:9      | Reached skill level 10 in Axes
  6980 | D:10     | Entered Level 10 of the Dungeon
  7195 | D:10     | Noticed Maurice
  7205 | D:10     | Something stole a +6 ring of dexterity
  7210 | D:10     | Something stole a +1 flail
  7213 | D:10     | Something stole 2 throwing nets
  7221 | D:10     | Something stole 522 gold
  7233 | D:10     | Something stole 207 gold
  7249 | D:10     | Something stole 5 curare-tipped darts
  7255 | D:10     | Killed Maurice
  7256 | D:10     | Gained mutation: A meltable icy envelope protects you from
                  | harm. (AC +8) [demonic ancestry]
  7256 | D:10     | Reached XP level 11. HP: 83/86 MP: 2/18
  7554 | D:10     | Noticed Gastronok
  7578 | D:10     | Killed Gastronok
  7579 | D:10     | Reached skill level 10 in Invocations
  7659 | D:10     | Identified the +0 whip of Unpleasantness {freeze, Will+
                  | rCorr Int+3}
  7790 | D:10     | Found a broken altar of Ashenzari.
  7893 | D:10     | Noticed a skeletal warrior
  7894 | D:10     | Noticed a skeletal warrior
  7896 | D:10     | Killed a skeletal warrior
  7896 | D:10     | Noticed a skeletal warrior
  7900 | D:10     | Noticed a skeletal warrior
  7903 | D:10     | Killed a skeletal warrior
  7904 | D:10     | Killed a skeletal warrior
  7907 | D:10     | Killed a skeletal warrior
  8634 | D:11     | Found a staircase to the Lair.
  8638 | D:11     | HP: 3/87 [something (31)]
  8640 | D:11     | Annihilated by a shadow

Illustrated notes

Levels and vault maps discovered:
D:1:      amcnicky_arrival_wind_blow, layout_basic
D:2:      layout_loops_ring, nicolae_ecumenical_pavilion, minmay_box_of_dots
D:3:      layout_rooms
D:4:      layout_basic, minmay_quadrilaterals
D:5:      layout_cave_pods, temple_hall_moat, serial_column_ruins,
          column_ruins_hut_ruined, column_ruins_hut, column_ruins_open_tiny,
          column_ruins_open_small, column_ruins_open_medium,
          column_ruins_open_small, grunt_ministairs_10, uniq_sigmund
D:6:      layout_basic, mainiacjoe_overflow_catwalk, uniq_blork_the_orc
D:7:      minmay_polygon_palace, layout_loops_corners,
          kennysheep_vampire_church, serial_shops, shop
D:8:      layout_rooms, uniq_grum
D:9:      layout_long_grid
D:10:     layout_loops_corners, cheibrodos_ashenzari_chains, uniq_maurice,
          uniq_gastronok
D:11:     layout_basic, erik_lair_island,
          kennysheep_orc_monster_closet_entryway, enter_trove_1,
          ebering_ghost_rock_garden, grunt_ministairs_6

Skill      XL: |  1  2  3  4  5  6  7  8  9 10 11 |
---------------+----------------------------------+-----
Axes           | 3 4 5 6 7 9 10 11 | 11.6
Armour         | 1 2 3 4 5 6 7 |  7.9
Invocations    | 1 2 3 4 6 8 9 11 | 11.0
Fighting       | 3 4 5 6 7 8 |  8.9
Throwing       | |  1.7
Dodging        | |  2.6

Action                     |  1- 3 |  4- 6 |  7- 9 | 10-12 || total
---------------------------+-------+-------+-------+-------++-------
  Melee: War axe           |    98 |    83 |   169 |   335 ||   685
         Kick              |    15 |    24 |    49 |    25 ||   113
  Throw: Throwing net      |     1 |       |       |       ||     1
 Invoke: Minor Destruction |       |    30 |   141 |   112 ||   283
         Major Destruction |       |       |       |    14 ||    14
         Lesser Servant of |       |       |       |     3 ||     3
  Evoke: Wand              |       |       |       |     5 ||     5
    Use: Potion            |       |       |     3 |       ||     3
         Scroll            |       |       |     3 |       ||     3
   Stab: Sleeping          |     1 |       |       |       ||     1
 Armour: Leather armour    |    53 |       |       |       ||    53
         Chain mail        |    17 |    93 |   184 |   309 ||   603
         Skin              |       |       |    36 |       ||    36
  Dodge: Dodged            |    62 |    41 |   107 |   197 ||   407
         Repelled          |       |       |     4 |     9 ||    13
  Block: Other             |       |       |    41 |    44 ||    85

Table legend: (Time is in decaauts)
 A = Elapsed time spent in this place.
 B = Non-inter-level travel time spent in this place.
 C = Inter-level travel time spent in this place.
 D = Time resting spent in this place.
 E = Time spent auto-exploring this place.
 F = Levels seen in this place.
 G = Mean time per level.
                   A        B        C        D        E       F      G
               +--------+--------+--------+--------+--------+-----+--------+
         Total |   8714 |   8509 |    205 |    557 |   5997 |  11 |  792.2 |
       Dungeon |   8714 |   8509 |    205 |    557 |   5997 |  11 |  792.2 |
               +--------+--------+--------+--------+--------+-----+--------+

Top non-repeatable levels by time:
    D:10: 1419 daAuts
     D:7: 1295 daAuts
     D:4: 944 daAuts
     D:5: 885 daAuts
     D:9: 877 daAuts
     D:1: 838 daAuts
     D:2: 711 daAuts
     D:6: 622 daAuts
     D:3: 476 daAuts
     D:8: 409 daAuts
    D:11: 232 daAuts
